cohdb
Replays
Latest Replays
All Replays
Popular Replays
Top Player Replays
Match Explorer
How It Works
Community
CoH3 Stats
Reddit
Sign in to upload your games and track your stats! →
Sign in with Steam
Match 33304646
Unlisted
Match 33304646
Overview
Messages
Build Orders
End
Kradschützen Motorcycle Team
Panzergrenadier Squad
250 Light Carrier
Construct Light Support Kompanie
MG34 Team
MG34 Team
Combat Half-tracks
Fire Support Elements
Panzerjäger Squad
Selects Battlefield Espionage Battlegroup
Selects Intel Disruption Beacon
le.IG 18 Mechanized Group
Selects Plunder
Forward Retreat Point
Construct Panzerarmee Kommand
Armored Reserves
An 'orrible Cunt
Brigadierbadge®
Manu
Yolo_4_Ever ๏̯͡๏
gUi
Harpz
0
0
Comments
sign in to comment!
No comments posted yet!